 Dungeon Crawl Stone Soup version 0.17-a0-819-gf98af59 (webtiles) character file.

78 FedoraBrony69 the Conjurer (level 4, 0/24 HPs)
             Began as a Deep Elf Conjurer on Apr 26, 2015.
             Was an Initiate of Vehumet.
             Slain by a worker ant (7 damage)
             ... on level 3 of the Dungeon.
             The game lasted 00:02:52 (1757 turns).

FedoraBrony69 the Conjurer (Deep Elf Conjurer)      Turns: 1757, Time: 00:02:52

Health: 0/24       AC:  2    Str:  5    XL:     4   Next: 15%
Magic:  0/13       EV: 13    Int: 21    God:    Vehumet [......]
Gold:   169        SH:  0    Dex: 15    Spells: 1 memorised, 12 levels left

rFire  . . .     SeeInvis .     i - -2 whip (curse)
rCold  . . .     Clarity  .     a - +0 robe
rNeg   . . .     SustAb   .     (no shield)
rPois  .         Gourm    .     (no helmet)
rElec  .         Spirit   .     (no cloak)
rCorr  .         Warding  .     (no gloves)
rMut   .         Stasis   .     (no boots)
MR     .....                    (no amulet)
Stlth  ++........               (no ring)
                                (no ring)

@: lethally poisoned (0 -> -9), not resistant to hostile enchantments,
unstealthy
A: no striking features
a: Renounce Religion


You were on level 3 of the Dungeon.
You worshipped Vehumet.
Vehumet was noncommittal.
You were not hungry.

You visited 1 branch of the dungeon, and saw 3 of its levels.

You collected 169 gold pieces.

Inventory:

Hand weapons
 i - a cursed -2 whip (weapon)
Armour
 a - a +0 robe (worn)
Jewellery
 o - an uncursed ring of stealth {unknown}
Scrolls
 e - 5 scrolls of remove curse {unknown}
 j - a scroll of amnesia {unknown}
 k - 2 scrolls of teleportation {unknown}
 m - 3 scrolls of identify {unknown}
 r - a scroll of noise {unknown}
Potions
 f - 2 potions of heal wounds {unknown}
 g - a potion of cancellation {unknown}
 l - a potion of magic {unknown}
 n - a potion of haste {unknown}
 p - a potion of ambrosia {unknown}
 s - a potion of agility {unknown}
Books
 b - a book of Conjurations

   Spells                             Type                      Level
   a - Magic Dart                     Conjuration                  1
   b - Searing Ray                    Conjuration                  2
   c - Dazzling Spray                 Conjuration/Hexes            3
   d - Fulminant Prism                Conjuration/Hexes            4
   e - Iskenderun's Mystic Blast      Conjuration                  4
   f - Iskenderun's Battlesphere      Conjuration/Charms           5
Comestibles
 c - 3 bread rations
 d - 2 fruits
 h - a slice of pizza
 q - 2 chunks of flesh


   Skills:
 - Level 2.4 Dodging
 - Level 2.4 Stealth
 + Level 5.1 Spellcasting
 + Level 5.2 Conjurations


You had 12 spell levels left.
You knew the following spells:

 Your Spells              Type           Power        Failure   Level  Hunger
a - Magic Dart            Conj           ####         1%          1    None


Dungeon Overview and Level Annotations

Branches:
Dungeon (3/15)

Altars:
Makhleb
Vehumet


Message History

You are more poisoned.
The worker ant poisons you!
Casting: Magic Dart
Confirm with . or Enter, or press ? or * to list all spells.
Aiming: Magic Dart
Press: ? - help, Shift-Dir - straight line, f/p - worker ant
Aim: a worker ant (heavily wounded)
The magic dart hits the worker ant.
The worker ant is severely wounded.
You feel sick. The worker ant bites you!
Casting: Magic Dart
Confirm with . or Enter, or press ? or * to list all spells.
Aiming: Magic Dart
Press: ? - help, Shift-Dir - straight line, f/p - worker ant
Aim: a worker ant (severely wounded)
The magic dart hits the worker ant.
The worker ant is almost dead.
* * * LOW HITPOINT WARNING * * *
You feel sick. The worker ant bites you!
You die...

##### #...# ######...#
#........# #########
#........# #.......#
#........#
#....@..###.......####
.......a...'.............
.)........###...........
...)..%...# #.........##
.....###############....
.... #..........## ..
#............ .
#######........####
+.....'............


You could see a worker ant.

Vanquished Creatures
  2 adders (D:2)
  An ooze (D:3)
  3 giant geckos
  An orc (D:3)
  A giant cockroach (D:1)
  6 hobgoblins
  2 jackals (D:1)
  10 kobolds
  A quokka (D:2)
  5 bats
  A giant newt (D:1)
  9 goblins
  4 rats (D:2)
46 creatures vanquished.

Notes
Turn   | Place    | Note
--------------------------------------------------------------
     0 | D:1      | FedoraBrony69, the Deep Elf Conjurer, began the quest for the Orb.
     0 | D:1      | Reached XP level 1. HP: 10/10 MP: 6/6
   235 | D:1      | Reached XP level 2. HP: 15/15 MP: 3/8
   641 | D:2      | Reached XP level 3. HP: 2/19 MP: 0/10
   951 | D:2      | Reached skill level 5 in Conjurations
  1038 | D:2      | Found a radiant altar of Vehumet.
  1044 | D:2      | Became a worshipper of Vehumet
  1585 | D:2      | Reached skill level 5 in Spellcasting
  1689 | D:3      | Reached XP level 4. HP: 24/24 MP: 10/13
  1713 | D:3      | Found a burning altar of Makhleb.
  1714 | D:3      | Noticed a green death
  1757 | D:3      | Slain by a worker ant

Action                   |  1- 3 |  4- 6 || total
-------------------------+-------+-------++-------
Melee: Unarmed           |     5 |       ||     5
       Whip              |     2 |       ||     2
 Cast: Magic Dart        |    90 |    19 ||   109
  Eat: Chunk             |     1 |     1 ||     2
